 Dungeon Crawl Stone Soup version 0.30.1-3-gfc49f6343a (webtiles) character file.

Game seed: 4419408896462711738

725 Cassiopeia the Poker (level 7, -3/55 HPs)
             Began as a Merfolk Gladiator on Aug 1, 2023.
             Slain by a yak (11 damage)
             ... on level 3 of the Dungeon.
             The game lasted 00:11:14 (5866 turns).

Cassiopeia the Poker (Merfolk Gladiator)            Turns: 5866, Time: 00:11:14

Health: -3/55      AC:  7    Str: 16    XL:     7   Next: 72%
Magic:  7/7        EV: 14    Int:  8    God:
Gold:   282        SH:  0    Dex: 18    Spells: 6/6 levels left

rFire   . . .        a - +1 trident
rCold   . . .        (no shield)
rNeg    . . .        h - +0 ring mail
rPois   .            c - +0 helmet
rElec   .            (no cloak)
rCorr   .            p - +0 pair of gloves {Dex+3}
SInv    +            (no boots)
Will    .....        (no amulet)
Stlth   +            m - ring of see invisible
HPRegen 0.29/turn    (no ring)
MPRegen 0.10/turn

%: no passive effects
@: no status effects
A: (nimble swimmer 2), mertail
a: no special abilities


You were on level 3 of the Dungeon.
You visited 1 branch of the dungeon, and saw 5 of its levels.
You also visited: Sewer.

You collected 282 gold pieces.

Inventory:

Hand Weapons
 a - a +1 trident (weapon)
Missiles
 d - 3 throwing nets
 e - a javelin
 i - 23 poisoned darts (quivered)
Armour
 b - a +0 leather armour
 c - a +0 helmet (worn)
 h - a +0 ring mail (worn)
 p - a +0 pair of gloves of dexterity (worn)
 q - a +0 plate armour
Jewellery
 m - a ring of see invisible (left hand)
Scrolls
 j - a scroll of fear {unknown}
 l - 3 scrolls of teleportation
 o - a scroll of poison
 u - a scroll of enchant armour {unknown}
 y - a scroll of magic mapping
Potions
 f - a potion of mutation
 g - 7 potions of flight
 k - 2 potions of curing
 n - a potion of haste
 r - 2 potions of invisibility
 s - a potion of lignification
 t - a potion of berserk rage {unknown}
 v - a potion of brilliance {unknown}
 x - a potion of heal wounds {unknown}


   Skills:
 + Level 4.9 Fighting
 + Level 6.7 Polearms
 + Level 4.5 Throwing
 + Level 6.7 Dodging


You had 6 spell levels left.
You didn't know any spells.
Your spell library contained the following spells:

 Spells                   Type           Power      Damage    Failure   Level
 Beastly Appendage        Tmut           0%         N/A       63%         1
 Wereblood                Tmut           0%         N/A       77%         2
 Ozocubu's Armour         Ice            0%         N/A       94%         3
 Spider Form              Tmut/Pois      0%         N/A       94%         3
 Ozocubu's Refrigeration  Ice            0%         4d7       100%        7


Dungeon Overview and Level Annotations

Branches:
Dungeon (5/15)              Sewer (visited)
 Temple: D:4-7

Altars:


Innate Abilities, Weirdness & Mutations

((You are very nimble when in or above water. (Stealth+, EV+, Speed+++)))
Your lower body shifts to a powerful aquatic tail in water.


Message History

You are too injured to fight recklessly!
You are too injured to fight recklessly!
You are too injured to fight recklessly!
You are too injured to fight recklessly!
You are too injured to fight recklessly!
You are too injured to fight recklessly!
You are too injured to fight recklessly!
You are too injured to fight recklessly!
You are too injured to fight recklessly!
You are too injured to fight recklessly!
You closely miss the yak.
The yak is moderately wounded.
The yak closely misses you.
You hit the yak but do no damage.
The yak is moderately wounded.
You hit the yak.
The yak is heavily wounded.
The yak misses you.
You closely miss the yak.
The yak is heavily wounded.
The yak barely misses you.
You barely miss the yak.
The yak is heavily wounded.
The yak gores you!
You hit the yak but do no damage.
The yak is heavily wounded.
The yak barely misses you.
You see here a yak corpse.
The yak attacks as you move away! The yak gores you but does no damage.
The yak attacks as you move away! The yak barely misses you.
The yak attacks as you move away! The yak gores you but does no damage.
There is a stone staircase leading up here.
The yak gores you!
* * * LOW HITPOINT WARNING * * *
You climb upwards.
There is a stone staircase leading down here.
Unknown command.
The yak attacks as you move away! The yak barely misses you.
The yak attacks as you move away! The yak gores you!
You die...

................>....##.#
....###.####.###..##.##.#
....# #.# #.###..##(##.#
....# #.# #.##..##.....#
#######'## #.#8..8##.####
# ##...###.......#.# #
##.....###..>...#.# #
##.......###8)Y8##.##
###.....(...###.@##...#
..'.........'........##
###.........####...###
##.......## ##.##
###.....## #.# #........#
##.## #.###'##.# #...#
#.# #.##.# #...#
###.###.##.# #...#


You could see a yak.

Vanquished Creatures
  A yak (D:4)
  A centaur (D:5)
  A scorpion (D:4)
  A howler monkey (D:5)
  An iguana (D:4)
  13 adders
  5 gnolls
  5 river rats (Sewer)
  A shadow imp (D:5)
  An ufetubus (D:4)
  6 worms
  2 dart slugs
  An orc (D:4)
  19 ball pythons
  9 bats
  8 endoplasms
  7 giant cockroaches
  10 goblins
  8 hobgoblins
  8 jackals
  11 kobolds
  5 quokkas
  5 frilled lizards
  26 rats
155 creatures vanquished.

Notes
Turn   | Place    | Note
-------+----------+-------------------------------------------
     0 | D:1      | Cassiopeia the Merfolk Gladiator began the quest for the
                  | Orb.
     0 | D:1      | Reached XP level 1. HP: 16/16 MP: 1/1
   126 | D:1      | Reached XP level 2. HP: 23/23 MP: 2/2
   525 | D:1      | Reached XP level 3. HP: 23/28 MP: 3/3
  1347 | D:2      | Reached XP level 4. HP: 28/34 MP: 4/4
  1675 | D:2      | Reached skill level 5 in Polearms
  2255 | D:3      | Identified the +0 robe "Lablexic" {rC+}
  2275 | D:3      | Reached skill level 5 in Dodging
  2343 | D:3      | Reached XP level 5. HP: 41/41 MP: 5/5
  3834 | D:4      | Found a glowing drain.
  3875 | Sewer    | Entered a sewer
  4195 | Sewer    | Reached XP level 6. HP: 48/48 MP: 6/6
  5346 | D:4      | Reached XP level 7. HP: 50/55 MP: 7/7
  5518 | D:5      | Entered Level 5 of the Dungeon
  5748 | D:5      | Noticed a yak
  5749 | D:5      | Noticed a yak
  5749 | D:5      | Noticed a yak
  5749 | D:5      | Noticed a yak
  5749 | D:5      | Noticed a yak
  5779 | D:4      | Killed a yak
  5866 | D:3      | Slain by a yak

Illustrated notes

Levels and vault maps discovered:
D:1:      evilmike_arrival_rings, layout_loops_ring
D:2:      layout_loops_ring, chequers_garden, minmay_rat_hole
D:3:      layout_loops_corners, st_stairs_6
D:4:      layout_basic, portal_sewer_entry_c, serial_corexii_hall,
          corexii_hall_statues_i, chequers_hall_statues_corner_a,
          minmay_box_of_dots
D:5:      minmay_angry_zag, layout_rooms

Skill      XL: |  1  2  3  4  5  6  7 |
---------------+----------------------+-----
Fighting       | 3 4 |  4.9
Polearms       | 5 6 |  6.7
Throwing       | 3 4 |  4.5
Dodging        | 5 6 |  6.7

Action                     |  1- 3 |  4- 6 |  7- 9 || total
---------------------------+-------+-------+-------++-------
  Melee: Trident           |   126 |   333 |    61 ||   520
         Punch             |     1 |     4 |     1 ||     6
         Tailslap          |       |    17 |       ||    17
  Throw: Dart              |     8 |    15 |       ||    23
    Use: Scroll            |       |     8 |     2 ||    10
   Stab: Sleeping          |       |     3 |     1 ||     4
 Armour: Leather armour    |     8 |       |       ||     8
         Ring mail         |    19 |   102 |    15 ||   136
  Dodge: Dodged            |    82 |   281 |    39 ||   402
